AoeStats
← Gen ALPHA RIZZLER 67

Pilgrims

510136272Analyzed
4v4 RM · 21h ago on Sep 29, 2026· 48m 19s· 8 players
Game mode
Random Map
Map size
Large (8 player)
Population
200
Speed
Normal
Resources
Standard
Victory
Conquest
Starting age
Dark Age
Ending age
Imperial Age
RankedLock teamsTeams togetherTeam positionsShared explorationLock speedFull tech treeHidden civsTurbo modeCheats
Victory
Defeat
🇹🇷 Danes · Türkiye
1407
+14
🇧🇩 Huns · Bangladesh
1387
+15
🇷🇺 Malians · Russia
1354
+16
🇹🇷 Varangians · Türkiye
1268
+20
🇹🇼 Varangians · Taiwan
1457
-19
🇹🇼 Varangians · Taiwan
1440
-20
🇹🇼 Varangians · Taiwan
1354
-16
🇹🇼 Varangians · Taiwan
1197
-10
CumansCumin
10:03 Loom
11:49 Feudal Age
16:24 Castle Age
15:00 Wheelbarrow
16:35 Town Watch
20:12 Double-Bit Axe
21:55 Hand Cart
21:44 Gold Mining
22:38 Stone Mining
22:32 Horse Collar
23:14 Town Patrol
26:27 Fervor
27:50 Bow Saw
29:52 Bloodlines
30:30 Light Cavalry
32:09 Heavy Plow
32:23 Husbandry
33:48 Scale Barding Armor
33:54 Forging
37:30 Imperial Age
35:45 Chain Barding Armor
36:01 Iron Casting
35:27 Marauders
37:25 Gold Shaft Mining
38:39 Conscription
37:40 Elite Tarkan
38:59 Plate Barding Armor
39:25 Blast Furnace
38:59 Hussar
45:27 Coinage
45:06 Murder Holes
45:32 Ballistics
45:23 Masonry
45:51 Caravan
47:33 Banking
47:14 Guilds
47:04 Caravan
Gen ALPHA RIZZLER 67
5:56 Loom
11:00 Feudal Age
12:26 Fishing Lines
17:34 Castle Age
18:49 Double-Bit Axe
20:54 Horse Collar
22:13 Bow Saw
30:30 Wheelbarrow
30:55 Heavy Plow
31:09 Gold Mining
31:33 Bloodlines
31:26 Husbandry
33:07 Scale Barding Armor
33:13 Forging
36:53 Chain Barding Armor
37:09 Iron Casting
37:29 Caravan
42:15 Imperial Age
40:51 Fletching
42:45 Gillnets
42:19 Elite Longship
44:03 Bodkin Arrow
46:08 Bracer
46:33 Ballistics
49:26 Chemistry
Абэма
8:00 Loom
10:06 Feudal Age
11:20 Double-Bit Axe
13:59 Castle Age
13:36 Stone Mining
16:16 Forging
20:57 Horse Collar
27:37 Wheelbarrow
31:30 Scale Mail Armor
34:44 Iron Casting
34:25 Chain Mail Armor
35:02 Heavy Plow
35:16 Bow Saw
35:41 Squires
35:27 Arson
39:36 Imperial Age
37:47 Hand Cart
37:36 Tigui
40:54 Conscription
40:36 Elite Gbeto
41:55 Plate Mail Armor
41:03 Elite Gbeto
45:44 Fletching
48:02 Gold Mining
48:47 Stone Shaft Mining
boomer grandpa
3:56 Loom
10:22 Feudal Age
10:52 Double-Bit Axe
10:51 Horse Collar
10:34 Man-at-Arms
20:17 Castle Age
20:21 Gold Mining
20:21 Stone Mining
22:18 Bow Saw
22:31 Heavy Plow
22:32 Scale Mail Armor
22:42 Forging
22:34 Squires
22:19 Arson
23:20 Wheelbarrow
32:52 Town Watch
33:41 Town Watch
34:12 Hand Cart
36:49 Fletching
37:00 Padded Archer Armor
37:30 Bodkin Arrow
41:18 Imperial Age
39:10 Thumb Ring
39:54 Leather Archer Armor
40:01 Ballistics
39:52 Masonry
42:09 Bracer
43:12 Chemistry
41:55 Heavy Mounted Crossbowman
41:56 Cranequins
43:42 Ring Archer Armor
43:26 Husbandry
43:40 Bloodlines
Sion
4:43 Loom
11:16 Feudal Age
14:52 Castle Age
13:58 Double-Bit Axe
15:21 Fletching
18:29 Ballistics
21:16 Bodkin Arrow
29:17 Imperial Age
29:05 Forging
30:07 Scale Barding Armor
31:09 Chain Barding Armor
33:02 Caravan
40:23 Elite Jarl
42:41 Iron Casting
43:46 Plate Barding Armor
46:04 Blast Furnace
45:35 Elite Longship
46:47 Careening
46:48 Clinker Construction
LinCS
10:29 Feudal Age
9:11 Loom
12:33 Fletching
14:30 Double-Bit Axe
20:30 Fishing Lines
23:06 Town Watch
27:07 Castle Age
27:43 Scale Barding Armor
27:48 Forging
28:13 Bow Saw
27:56 Gillnets
28:22 Bloodlines
28:12 Husbandry
29:29 Chain Barding Armor
30:35 Iron Casting
29:59 Gold Mining
30:02 Stone Mining
34:21 Wheelbarrow
34:31 Vendel Legacy
39:32 Imperial Age
37:13 Caravan
37:50 Treadmill Crane
38:21 Clinker Construction
41:14 Imperial Age
45:16 Imperial Age
45:23 Cavalier
47:10 Cavalier
48:27 Plate Barding Armor
48:52 Blast Furnace
破皮大師
12:01 Feudal Age
16:27 Castle Age
18:04 Wheelbarrow
19:48 Double-Bit Axe
22:09 Fishing Lines
27:28 Loom
31:19 Gillnets
44:50 Imperial Age
44:59 Imperial Age
42:41 Caravan
44:01 Bow Saw
45:57 Hand Cart
46:19 Hand Cart
46:38 Elite Jarl
47:40 Conscription
48:52 Scale Barding Armor
48:58 Forging
49:10 Hand Cart
TheKoan
4:16 Loom
9:18 Feudal Age
10:32 Town Watch
13:53 Fletching
18:24 Wheelbarrow
22:08 Castle Age
21:05 Scale Barding Armor
27:04 Forging
30:06 Bodkin Arrow
31:12 Fishing Lines
32:47 Gillnets
33:56 Bloodlines
33:46 Husbandry
37:12 Imperial Age
36:26 Chain Barding Armor
36:41 Iron Casting
41:37 Plate Barding Armor
42:02 Blast Furnace
44:58 Bracer
45:42 Light Cavalry
46:50 Conscription
46:58 Hussar
47:39 Husbandry
Connection lost

Rejoining the realm…

Still unreachable

The connection could not be restored.

Session expired

The server has moved on; the page needs a fresh start.